Map: Abyssal Reef LE

Players

Scarlett - Winner!

  • Race: Zerg Zerg
  • Spawn Location: 11:00

puCK (Nina)

  • Race: Protoss Protoss
  • Spawn Location: 5:00

Event: WCS Montreal 2017

VOD

Have the link to the VOD?

Description

Time

  • Played on: Sept. 8, 2017, 5:51 p.m.
  • Length: 4:10

All games in this series

Show
View Real Time Build Order
Export as new Build Order

Scarlett Zerg - Winner!

Build Orders: Hatch First 

Get SALT Encoding   

  12  0:00  Drone  
  13  0:08  Drone  
  14  0:17  Extractor, Drone  
  15  0:22  Overlord  
  15  0:45  Hatchery  
  15  0:49  Drone  
  15  0:53  Drone  
  15  0:56  Drone  
  17  1:01  Drone  
  18  1:11  Extractor  
  18  1:16  Spawning Pool  
  16  1:20  Drone  
  16  1:24  Drone  
  18  1:33  Drone  
  19  1:43  Drone  
  20  1:53  Overlord  
  20  1:58  Drone  
  21  2:05  Queen  
  21  2:06  Queen  
  21  2:08  Drone x2  
  27  2:16  Drone  
  27  2:18  Metabolic Boost, Zergling x2  
  29  2:27  Overlord  
  29  2:31  Drone  
  30  2:37  Drone  
  30  2:40  Zergling x2  
  32  2:51  Drone  
  32  2:52  Drone  
  32  2:53  Queen  
  36  2:59  Drone  
  36  3:02  Drone  
  36  3:05  Hatchery  
  37  3:09  Drone  
  38  3:13  Drone  
  38  3:15  Drone x2  
  38  3:18  Overlord  
  41  3:26  Overlord  
  41  3:29  Drone  
  41  3:33  Zergling x2  
  42  3:35  Zergling x2  
  42  3:39  Spore Crawler  
  42  3:51  Zergling x4  
  42  3:53  Drone  
  42  3:54  Drone  
  48  3:57  Evolution Chamber  
  48  3:58  Spore Crawler  
  51  4:08  Extractor  
Show
View Real Time Build Order
Export as new Build Order

puCK Protoss 

Build Orders: 1 Gate Expand, Oracle Opening 

Get SALT Encoding   

  12  0:01  Probe (Chrono Boost)  
  13  0:11  Probe (Chrono Boost)  
  14  0:19  Pylon  
  14  0:22  Probe (Chrono Boost)  
  15  0:37  Probe (Chrono Boost)  
  15  0:41  Gateway  
  16  0:48  Probe (Chrono Boost)  
  17  0:52  Assimilator  
  17  0:59  Probe (Chrono Boost)  
  18  1:09  Probe (Chrono Boost)  
  19  1:25  Nexus  
  19  1:28  Probe (Chrono Boost)  
  20  1:39  Cybernetics Core  
  20  1:40  Probe (Chrono Boost)  
  21  1:48  Assimilator  
  21  1:51  Probe (Chrono Boost)  
  22  1:58  Pylon  
  22  2:01  Probe (Chrono Boost)  
  23  2:16  Probe (Chrono Boost), Adept (Chrono Boost)  
  26  2:28  Probe  
  27  2:38  Stargate  
  27  2:40  Probe x2  
  31  2:44  Adept (Chrono Boost)  
  31  2:46  Pylon  
  30  2:52  Probe x2  
  32  3:04  Probe x2 (Chrono Boost)  
  34  3:07  Gateway  
  34  3:11  Adept  
  36  3:15  Probe (Chrono Boost)  
  36  3:16  Probe (Chrono Boost)  
  38  3:23  Oracle (Chrono Boost)  
  38  3:24  Probe  
  38  3:26  Probe  
  43  3:30  Pylon  
  43  3:34  Probe  
  43  3:36  Pylon  
  43  3:38  Probe  
  45  3:45  Probe  
  46  3:50  Probe  
  53  4:06  Pylon  
Tags
 
Add a new tag
Caveats
  • Supply blocks, unpowered buildings, or Contaminate may cause inaccurate times.
  • Supply counts are checked every 10 seconds.